 Dungeon Crawl Stone Soup version 0.32-a0-918-g0f22ef8d61 (webtiles) character file.

Game seed: 1454678840792449511

2613 smashvw the Summoner (level 9, -1/40 HPs)
             Began as a Felid Summoner on Apr 11, 2024.
             Was a Believer of Kikubaaqudgha.
             Slain by an orc warrior
             ... wielding a +0 halberd
              (12 damage)
             ... in a bailey.
             The game lasted 00:21:03 (6699 turns).

smashvw the Summoner (Felid Summoner)               Turns: 6699, Time: 00:21:03

Health: -1/40      AC:  2    Str: 10    XL:     9   Next: 34%
Magic:  13/20      EV: 16    Int: 23    God:    Kikubaaqudgha [**....]
Gold:   321        SH:  0    Dex: 17    Spells: 9/21 levels left
                                        Lives:  0   Deaths: 3

rFire   . . .        (weapon unavailable)
rCold   . . .        (shield unavailable)
rNeg    . . .        (body armour unavailable)
rPois   .            (helmet unavailable)
rElec   .            (cloak unavailable)
rCorr   .            (gloves unavailable)
SInv    +            (boots unavailable)
Will    +....        (no amulet)
Stlth   ++           b - +6 ring of strength
HPRegen 0.26/turn    (no ring)
MPRegen 0.17/turn

%: no passive effects
@: no status effects
A: very small, claws 1, fangs 3, see invisible, shaggy fur 2, stealthy paws, no
weapons or thrown items, no armour, multi-lived
a: Renounce Religion, Unearth Wretches


You were in a bailey.
You worshipped Kikubaaqudgha.
Kikubaaqudgha was pleased with you.
You visited 2 branches of the dungeon, and saw 8 of its levels.
You also visited: Bailey.

You collected 321 gold pieces.

Inventory:

Jewellery
 b - a +6 ring of strength (left paw)
 m - an amulet of reflection
 r - an amulet of guardian spirit
 x - a +4 ring of protection
Wands
 j - a wand of iceblast (4)
 y - a wand of paralysis (8)
 z - a wand of digging (8)
Scrolls
 c - 7 scrolls of identify {unknown}
 d - 2 scrolls of revelation {unknown}
 e - 2 scrolls of blinking {unknown}
 f - a scroll of immolation {unknown}
 i - 3 scrolls of silence {unknown}
 k - 2 scrolls of teleportation {unknown}
 l - 2 scrolls of fog {unknown}
 q - 2 scrolls of fear {unknown}
 t - a scroll of enchant armour {unknown}
 w - a scroll of poison {unknown}
Potions
 a - a potion of magic
 g - a potion of lignification {unknown}
 h - a potion of enlightenment
 n - 3 potions of degeneration {unknown}
 o - a potion of mutation {unknown}
 p - 2 potions of curing {unknown}
 s - a potion of invisibility {unknown}
 u - a potion of attraction {unknown}
 v - 2 potions of ambrosia


   Skills:
 + Level 0.4 Fighting
 + Level 2.9 Dodging
 + Level 2.9 Stealth
 + Level 6.7 Spellcasting
 + Level 8.1 Summonings
 + Level 0.4 Necromancy
 - Level 5.0 Fire Magic
 + Level 4.6 Air Magic


You had 9 spell levels left.
You knew the following spells:

 Your Spells              Type           Power      Damage    Failure   Level
a - Summon Small Mammal   Summ           100%       N/A       1%          1
b - Call Canine Familiar  Summ           45%        N/A       1%          3
c - Summon Blazeheart Go  Fire/Summ      38%        N/A       5%          4
d - Summon Lightning Spi  Summ/Air       37%        N/A       5%          4

Your spell library contained the following spells:

 Spells                   Type           Power      Damage    Failure   Level
 Call Imp                 Summ           90%        N/A       1%          2
 Cigotuvi's Dreadful Rot  Necr/Alch/Air  30%        N/A       6%          2
 Kiss of Death            Conj/Necr      32%        2d7       8%          1
 Sublimation of Blood     Necr           9%         N/A       10%         2
 Fugue of the Fallen      Necr           9%         N/A       21%         3
 Anguish                  Hex/Necr       4%         N/A       58%         4
 Cause Fear               Hex            3%         N/A       61%         4
 Enfeeble                 Hex            3%         N/A       100%        7


Dungeon Overview and Level Annotations

Branches:
Dungeon (7/15)             Temple (1/1) D:5          Bailey (1/1)

Altars:
Ashenzari
Cheibriados
Dithmenos
Fedhas
Gozag
Hepliaklqana
Kikubaaqudgha
Makhleb
Nemelex Xobeh
Okawaru
Qazlal
Ru
Sif Muna
Trog
Uskayaw
Vehumet
Wu Jian
Xom
Yredelemnul
Zin
The Shining One

Shops:
D:1 (


Innate Abilities, Weirdness & Mutations

You have sharp claws.
You have razor-sharp teeth.
You have supernaturally acute eyesight. (SInv)
You are covered in thick fur. (AC +2)
Your paws help you pounce on unaware monsters.
You are incapable of wielding weapons or throwing items.
You cannot wear armour.
You gain extra lives every three experience levels.


Message History

Found a giant club.
Found a rapier.
Found a stone staircase leading up.
There is a flagged portal here.
The world spins around you as you enter the gateway.
You enter a bailey!
Found a gate leading back out of this place.
There is an empty arch of ancient stone here.
You open the large door.
There is a large open door here.
An orc warrior comes into view. It is wielding a +0 halberd.
Casting: Summon Blazeheart Golem (dangerous; 5% risk of failure)
Confirm with . or Enter, or press ? or * to list all spells.
A fiery spirit appears, bound in slag iron. 4 orcs come into view.
The orc shouts! x2; You hear a shout! x2
The orc warrior hits your blazeheart golem with a +0 halberd.
Your blazeheart golem punches the orc warrior!
The orc warrior hits you from afar with a +0 halberd!
The orc hits you from afar with a +0 trident.
The orc warrior hits you from afar with a +0 halberd!!
Ouch! That really hurt!
* * * LOW HITPOINT WARNING * * *
The orc closely misses you.
An orc comes into view. It is wielding a +0 halberd.
Your blazeheart golem punches the orc warrior!
Your blazeheart golem's core grows cold and it stops moving.
The orc warrior hits your blazeheart golem with a +0 halberd!
The orc hits your blazeheart golem with a +0 trident.
Your blazeheart golem falls apart and the last of its fire goes out.
Casting: Summon Blazeheart Golem (dangerous; 5% risk of failure)
Confirm with . or Enter, or press ? or * to list all spells.
An electric hum fills the air.
The orc warrior completely misses you. The orc attacks as it pursues you!
The orc misses you.
Found 12 gold pieces.
The orc warrior attacks as it pursues you!
The orc warrior hits you from afar with a +0 halberd!
You die...
Kikubaaqudgha rasps: You have failed me!
Welcome... death!

≈≈≈≈.. $.#### ##....
≈≈≈...#..... ...♣♣..≈
≈≈...##... ....♣..≈
≈....#..#
......######...#.ß#
...............#..#
...............'..#
...............'@.#
...............#I.#
......######...#oß#
.......≈≈≈≈....#o.#######
....♣..≈≈≈≈.♣.##.o.o.oo..
##.....≈≈≈≈...#....o.o...
##.♣..≈≈≈≈♣..#$.########
#...≈≈≈≈≈♣..####
#♣.≈≈≈≈≈♣♣...


You could see an orc warrior, 3 orcs and a friendly lightning spire (summoned).

Vanquished Creatures
  A two-headed ogre (D:5)
  An orc warrior (D:6)
  2 ogres
  A black bear (D:4)
  A phantom (D:5)
  A gnoll sergeant (D:6)
  A scorpion (D:3)
  2 sleepcaps (D:5)
  2 iguanas (D:4)
  An orc wizard (D:4)
  A nameless horror (D:4)
  3 gnolls (D:6)
  3 adders (D:5)
  A ribbon worm (D:5)
  2 orcs
  2 giant cockroaches
  A hobgoblin (D:1)
  2 jackals (D:3)
  A kobold (D:3)
  2 quokkas (D:2)
  A bat (D:2)
  A frilled lizard (D:1)
  5 goblins
  2 rats (D:2)
40 creatures vanquished.

Vanquished Creatures (collateral kills)
  A black bear (D:5)
  2 ogres
  A phantom (D:5)
  A gnoll sergeant (D:5)
  3 scorpions
  2 hounds (D:5)
  A bombardier beetle (D:4)
  An orc priest (D:5)
  3 gnoll boudas (D:6)
  2 jellies (D:5)
  A sleepcap (D:5)
  An iguana (D:4)
  2 orc wizards (D:6)
  Ijyb (D:3)
  Robin (D:2)
  13 gnolls (D:6)
  10 adders
  2 white imps
  4 dart slugs
  A ribbon worm (D:5)
  11 orcs
  5 endoplasms
  2 giant cockroaches
  11 goblins
  11 hobgoblins
  4 jackals
  4 kobolds
  2 quokkas
  5 ball pythons
  2 frilled lizards
  2 rats (D:2)
112 creatures vanquished.

Vanquished Creatures (others)
  19 blazeheart cores
19 creatures vanquished.

Grand Total: 171 creatures vanquished

Notes
Turn   | Place    | Note
-------+----------+-------------------------------------------
     0 | D:1      | smashvw the Felid Summoner began the quest for the Orb.
     0 | D:1      | Reached XP level 1. HP: 9/9 MP: 4/4
   219 | D:1      | Reached XP level 2. HP: 13/13 MP: 1/6
   434 | D:1      | Found Jesyrol's Antique Weapon Boutique.
   912 | D:2      | Identified the +1 helmet of the Twelve Continents {rElec
                  | SInv}
   912 | D:2      | Noticed Robin
   941 | D:2      | Reached XP level 3. HP: 14/16 MP: 4/8
   948 | D:2      | Slain by a goblin
   948 | D:2      | Lost a life (0 lives remaining)
   961 | D:2      | Killed Robin
  1128 | D:2      | Learned a level 3 spell: Call Canine Familiar
  1470 | D:3      | Reached XP level 4. HP: 21/21 MP: 9/9
  1470 | D:3      | Gained a life (1 life remaining)
  1771 | D:3      | Reached skill level 5 in Summonings
  1830 | D:3      | Noticed a scorpion
  1836 | D:3      | Learned a level 4 spell: Summon Blazeheart Golem
  1844 | D:3      | Killed a scorpion
  1845 | D:3      | Reached skill level 1 in Fire Magic
  1845 | D:3      | Reached XP level 5. HP: 24/24 MP: 6/11
  2128 | D:3      | Found a shadowy altar of Dithmenos.
  2144 | D:3      | Found a blossoming altar of Fedhas.
  2228 | D:3      | Noticed Ijyb
  2234 | D:3      | Killed Ijyb
  2461 | D:4      | Noticed a black bear
  2795 | D:4      | Noticed a steam dragon
  2820 | D:4      | Engulfed by a steam dragon's steam
  2820 | D:4      | Lost a life (0 lives remaining)
  2861 | D:4      | Noticed an ogre
  2884 | D:4      | Killed an ogre
  2885 | D:4      | Gained mutation: You are covered in thick fur. (AC +2)
                  | [Felid growth]
  2885 | D:4      | Reached XP level 6. HP: 28/28 MP: 5/13
  3450 | D:4      | Reached skill level 6 in Summonings
  3450 | D:4      | Reached XP level 7. HP: 29/32 MP: 10/14
  3450 | D:4      | Gained a life (1 life remaining)
  3684 | D:4      | Killed from afar by a steam dragon
  3684 | D:4      | Lost a life (0 lives remaining)
  3946 | D:3      | Learned a level 4 spell: Summon Lightning Spire
  4025 | D:5      | Entered Level 5 of the Dungeon
  4148 | D:5      | Reached skill level 1 in Air Magic
  4244 | D:5      | Found a staircase to the Ecumenical Temple.
  4320 | Temple   | Entered the Ecumenical Temple
  4338 | Temple   | Became a worshipper of Kikubaaqudgha
  4467 | D:5      | Reached skill level 5 in Spellcasting
  4670 | D:5      | Noticed a two-headed ogre
  4677 | D:5      | Reached XP level 8. HP: 28/36 MP: 1/16
  4683 | D:5      | Killed a two-headed ogre
  4684 | D:5      | Reached skill level 7 in Summonings
  4905 | D:5      | Reached * piety under Kikubaaqudgha
  4905 | D:5      | Received a gift from Kikubaaqudgha
  4925 | D:5      | Reached skill level 5 in Fire Magic
  5114 | D:5      | Reached XP level 9. HP: 39/39 MP: 14/19
  5757 | D:6      | Reached ** piety under Kikubaaqudgha
  5762 | D:6      | Reached skill level 8 in Summonings
  6656 | D:7      | Found a flagged portal.
  6662 | Bailey   | Entered a bailey
  6699 | Bailey   | Slain by an orc warrior

Illustrated notes

Levels and vault maps discovered:
D:1:      erik_arrival_orb_chamber, layout_rooms, serial_shops,
          nicolae_shop_statue_plus, minivault_24
D:2:      layout_loops_cross, kennysheep_generic_room_4, uniq_robin
D:3:      layout_basic, mainiacjoe_overflow_swirl, uniq_ijyb
D:4:      minmay_opposing_rooms, layout_basic
D:5:      cheibrodos_fzero, layout_basic, temple_statues
D:6:      layout_loops_corners, ebering_dispersal_statue_hall
D:7:      layout_loops_ring, serial_shops, nicolae_shop_tiny_statue_garden,
          nicolae_diamond_shop, enter_bailey_2, serial_bayou_lake_a
Temple:   compressed_dpeg_triangle_lava_temple
Bailey:   bailey_polearm_elven_captive_hellmonk, bailey

Skill      XL: |  1  2  3  4  5  6  7  8  9 |
---------------+----------------------------+-----
Spellcasting   | 3 4 5 6 |  6.7
Summonings     | 5 6 7 8 |  8.1
Fire Magic     | 1 2 3 5 |  5.0
Air Magic      | 2 3 4 |  4.6
Fighting       | |  0.4
Dodging        | |  2.9
Stealth        | |  2.9
Necromancy     | |  0.4

Action                     |  1- 3 |  4- 6 |  7- 9 || total
---------------------------+-------+-------+-------++-------
  Melee: Unarmed           |    38 |    34 |     4 ||    76
         Bite              |     5 |     4 |       ||     9
         Punch             |       |     1 |       ||     1
   Cast: Summon Small Mamm |    40 |    19 |    14 ||    73
         Call Canine Famil |     2 |    12 |     9 ||    23
         Summon Blazeheart |       |     8 |    28 ||    36
         Summon Lightning  |       |       |     7 ||     7
    Use: Potion            |       |     2 |       ||     2
   Stab: Sleeping          |     1 |       |       ||     1
         Distracted        |       |       |     2 ||     2
 Armour: Skin              |    20 |    40 |    26 ||    86
  Dodge: Dodged            |    38 |    96 |    41 ||   175

Table legend: (Time is in decaauts)
 A = Elapsed time spent in this place.
 B = Non-inter-level travel time spent in this place.
 C = Inter-level travel time spent in this place.
 D = Time resting spent in this place.
 E = Time spent auto-exploring this place.
 F = Levels seen in this place.
 G = Mean time per level.
                   A        B        C        D        E       F      G
               +--------+--------+--------+--------+--------+-----+--------+
         Total |   6702 |   6492 |    210 |    551 |   4644 |   9 |  744.7 |
       Dungeon |   6631 |   6449 |    182 |    551 |   4619 |   7 |  947.3 |
        Temple |     34 |      6 |     28 |      0 |      0 |   1 |   34.0 |
        Bailey |     36 |     36 |      0 |      0 |     25 |   1 |   36.0 |
               +--------+--------+--------+--------+--------+-----+--------+

Top non-repeatable levels by time:
     D:4: 1404 daAuts
     D:6: 1390 daAuts
     D:3: 1370 daAuts
     D:5: 1056 daAuts
     D:2: 821 daAuts
     D:1: 523 daAuts
     D:7: 63 daAuts
  Bailey: 36 daAuts
  Temple: 34 daAuts
